 Dungeon Crawl Stone Soup version 0.30-a0-672-gc3a7216ad8 (webtiles) character file.

Game seed: 18211785793895703391

94 NotreDorf the Magician (level 4, -1/34 HPs)
             Began as a Mummy Reaver on Jan 18, 2023.
             Slain by an orc wizard
             ... wielding a +0 dagger
              (2 damage)
             ... on level 3 of the Dungeon.
             The game lasted 00:06:43 (2197 turns).

NotreDorf the Magician (Mummy Reaver)               Turns: 2197, Time: 00:06:43

Health: -1/34      AC:  5    Str: 17    XL:     4   Next: 38%
Magic:  9/9        EV: 11    Int: 12    God:
Gold:   131        SH:  0    Dex: 10    Spells: 4/10 levels left

rFire   x . .      SeeInvis .    m - staff of death
rCold   + . .      Faith    +    (no shield)
rNeg    + + +      Spirit   .    b - +0 leather armour
rPois   ∞          Reflect  .    (no helmet)
rElec   .          Harm     .    k - +0 cloak
rCorr   .          Rampage  .    o - +0 pair of gloves
Will    .....                    (no boots) Stlth
                                 (no amulet)
HPRegen 0.25/turn                (no ring)
MPRegen 0.11/turn                (no ring)

@: confused
A: cold resistance 1, negative energy resistance 3, torment resistance 2, heat
vulnerability 1, in touch with death 1, no potions, faith
a: no special abilities


You were on level 3 of the Dungeon.
You visited 1 branch of the dungeon, and saw 3 of its levels.

You collected 131 gold pieces.

Inventory:

Hand Weapons
 a - a +0 hand axe
Missiles
 c - 6 curare-tipped darts
 e - 12 poisoned darts
Armour
 b - a +0 leather armour (worn)
 k - a +0 cloak (worn)
 o - a +0 pair of gloves (worn)
Magical Staves
 m - a staff of death (weapon)
Wands
 f - a wand of paralysis (6)
 i - a wand of mindburst (13)
 n - a wand of roots (7)
 p - a wand of polymorph (7)
Scrolls
 d - a scroll of blinking {unknown}
 g - a scroll of immolation {unknown}
 h - a scroll of identify {unknown}
 j - a scroll of silence {unknown}
 l - a scroll of enchant armour {unknown}
 q - a scroll of poison {unknown}


   Skills:
 + Level 2.6 Fighting
 + Level 2.9 Axes
 - Level 1.5 Dodging
 + Level 3.5 Spellcasting
 - Level 2.7 Conjurations
 + Level 1.6 Necromancy
 + Level 0.3 Evocations


You had 4 spell levels left.
You knew the following spells:

 Your Spells              Type           Power      Damage    Failure   Level
a - Kiss of Death         Conj/Necr      64%        2d10      12%         1
b - Momentum Strike       Conj/Tloc      10%        3d8       24%         2
c - Hailstorm             Conj/Ice       5%         3d4       43%         3

Your spell library contained the following spells:

 Spells                   Type           Power      Damage    Failure   Level


Dungeon Overview and Level Annotations

Branches:
Dungeon (3/15)

Altars:
Makhleb


Innate Abilities, Weirdness & Mutations

You are immune to poison.
Your flesh is cold resistant. (rC+)
You are immune to negative energy. (rN+++)
You are immune to unholy pain and torment.
You are vulnerable to heat. (rF-)
You are in touch with the powers of death.
You do not drink.
You have a special connection with the divine. (Faith)


Message History

Things that are here:
a +0 flail; 2 boomerangs; an orc corpse You bump into the rock wall.
The orc priest hits you with a +0 club.
The orc wizard hits you with a +0 dagger.
Something hits you.
* * * LOW HITPOINT WARNING * * *
You bump into the rock wall.
Something hits you.
* * * LOW HITPOINT WARNING * * *
The orc wizard barely misses you.
The orc priest hits you but does no damage.
You closely miss the orc priest.
The orc wizard casts a spell.
The orc wizard flickers and vanishes!
The orc priest hits you with a +0 club.
* * * LOW HITPOINT WARNING * * *
Something hits you but does no damage. The orc priest hits you with a +0 club.
* * * LOW HITPOINT WARNING * * *
You hear some strange, mumbled words.
Something tries to affect you, but you resist.
Something hits you but does no damage.
You barely miss something.
Something hits you but does no damage. x2
The orc priest hits you but does no damage.
You hit the orc priest.
The orc priest is lightly wounded.
Something hits you but does no damage. x2
The orc priest hits you with a +0 club.
* * * LOW HITPOINT WARNING * * *
You closely miss the orc priest.
The orc priest is lightly wounded.
The orc priest closely misses you. Something hits you.
* * * LOW HITPOINT WARNING * * *
Something hits you but does no damage.
You're too confused to move!
The orc priest closely misses you. Something hits you.
* * * LOW HITPOINT WARNING * * *
Something hits you.
* * * LOW HITPOINT WARNING * * *
You closely miss the orc priest.
The orc priest is lightly wounded.
Something hits you.
You die...

#### .... ####### #.###
#.....# #.#..
#############{....########.#.#
...o.......oo@{...............
.......##################.##.#
....[.. #.............##.#
....... #.≈≈≈.........##.#
...o... #.§≈≈≈.......###.#
.o..... #...5≈≈......###.#
.[..... #....5≈≈.........#
....... #.....≈≈.........#
#.._...8§....###.#


You could see an orc priest and an orc.

Vanquished Creatures
  Jessica (D:3)
  3 adders (D:2)
  A worm (D:2)
  A dart slug (D:2)
  An orc (D:3)
  5 bats
  3 endoplasms
  A giant cockroach (D:1)
  4 goblins
  A hobgoblin (D:1)
  2 jackals (D:1)
  5 kobolds
  4 ball pythons
  3 frilled lizards
  2 rats (D:1)
37 creatures vanquished.

Notes
Turn   | Place    | Note
-------+----------+-------------------------------------------
     0 | D:1      | NotreDorf the Mummy Reaver began the quest for the Orb.
     0 | D:1      | Reached XP level 1. HP: 16/16 MP: 4/4
   243 | D:1      | Reached XP level 2. HP: 22/22 MP: 5/5
   267 | D:1      | Reached skill level 3 in Spellcasting
   723 | D:2      | Reached skill level 1 in Necromancy
   723 | D:2      | Gained mutation: You are in touch with the powers of death.
                  | [Mummy growth]
   723 | D:2      | Reached XP level 3. HP: 19/28 MP: 7/7
  1792 | D:3      | Learned a level 2 spell: Momentum Strike
  1796 | D:3      | Learned a level 3 spell: Hailstorm
  2008 | D:3      | Noticed Jessica
  2018 | D:3      | Killed Jessica
  2019 | D:3      | Reached XP level 4. HP: 18/34 MP: 7/9
  2132 | D:3      | Found a burning altar of Makhleb.
  2196 | D:3      | HP: 1/34 [something (2)]
  2197 | D:3      | Slain by an orc wizard

Illustrated notes

Levels and vault maps discovered:
D:1:      amcnicky_arrival_feature_with_door, layout_loops_ring,
          amethyst_killhole, amcnicky_mini_corridor_feature
D:2:      wad_pebble_path, layout_basic
D:3:      layout_basic, demons_altar, uniq_jessica

Skill      XL: |  1  2 |
---------------+-------+-----
Spellcasting   | 3 |  3.5
Necromancy     | 1 |  1.6
Fighting       | |  2.6
Axes           | |  2.9
Dodging        | |  1.5
Conjurations   | |  2.7
Evocations     | |  0.3

Action                   |  1- 3 |  4- 6 || total
-------------------------+-------+-------++-------
Melee: Hand axe          |   146 |       ||   146
       Staff             |     8 |    19 ||    27
       Punch             |     1 |       ||     1
Armor: Leather armour    |    53 |    17 ||    70
Dodge: Dodged            |    92 |    13 ||   105

Table legend: (Time is in decaauts)
 A = Elapsed time spent in this place.
 B = Non-inter-level travel time spent in this place.
 C = Inter-level travel time spent in this place.
 D = Time resting spent in this place.
 E = Time spent auto-exploring this place.
 F = Levels seen in this place.
 G = Mean time per level.
                   A        B        C        D        E       F      G
               +--------+--------+--------+--------+--------+-----+--------+
         Total |   2226 |   2169 |     57 |      2 |   1670 |   3 |  742.0 |
       Dungeon |   2226 |   2169 |     57 |      2 |   1670 |   3 |  742.0 |
               +--------+--------+--------+--------+--------+-----+--------+

Top non-repeatable levels by time:
     D:2: 1105 daAuts
     D:1: 703 daAuts
     D:3: 418 daAuts
